 Dungeon Crawl Stone Soup version 0.30-b1-2-g02819fbbbe (webtiles) character file.

Game seed: 1448672833379689324

78 nightchill the Slasher (level 4, 0/58 HPs)
             Began as a Minotaur Gladiator on May 15, 2023.
             Succumbed to Sigmund's poison
             ... on level 2 of the Dungeon.
             The game lasted 00:02:10 (1735 turns).

nightchill the Slasher (Minotaur Gladiator)         Turns: 1735, Time: 00:02:10

Health: 0/58       AC:  4    Str: 18    XL:     4   Next: 15%
Magic:  3/3        EV: 12    Int:  5    God:
Gold:   139        SH:  0    Dex: 14    Spells: 3/3 levels left

rFire   . . .        a - +0 long sword
rCold   . . .        (no shield)
rNeg    . . .        b - +0 leather armour
rPois   .            c - +0 hat
rElec   .            (no cloak)
rCorr   .            m - +0 pair of gloves
SInv    .            (no boots)
Will    .....        (no amulet) Stlth
                     (no ring)
HPRegen 0.29/turn    (no ring)
MPRegen 0.08/turn

%: no passive effects
@: berserking, lethally poisoned (0 -> -4), very quick
A: horns 2, retaliatory headbutt
a: no special abilities


You were on level 2 of the Dungeon.
You visited 1 branch of the dungeon, and saw 2 of its levels.

You collected 139 gold pieces.

Inventory:

Hand Weapons
 a - a +0 long sword (weapon)
 l - a +2 dagger of venom
Missiles
 d - 2 throwing nets (quivered)
 e - a javelin
 f - 4 silver javelins
Armour
 b - a +0 leather armour (worn)
 c - a +0 hat (worn)
 m - a +0 pair of gloves (worn)
Scrolls
 h - 3 scrolls of identify {unknown}
 j - a scroll of enchant armour {unknown}
 n - a scroll of fog {unknown}
 p - a scroll of teleportation {unknown}
 r - a scroll of noise {unknown}
Potions
 g - 6 potions of curing {unknown}
 i - 2 potions of berserk rage
 k - a potion of heal wounds {unknown}
 o - a potion of lignification {unknown}
 q - a potion of cancellation {unknown}
 s - a potion of haste {unknown}


   Skills:
 + Level 3.6 Fighting
 * Level 5.4 Long Blades
 - Level 2.0 Throwing
 - Level 3.2 Dodging


You had 3 spell levels left.
You didn't know any spells.
Your spell library contained the following spells:

 Spells                   Type           Power      Damage    Failure   Level
 Magic Dart               Conj           0%         1d3       54%         1
 Call Imp                 Summ           0%         N/A       67%         2
 Mephitic Cloud           Conj/Pois/Air  0%         N/A       88%         3
 Alistair's Intoxication  Tmut/Pois      0%         N/A       100%        5
 Borgnjor's Vile Clutch   Necr/Erth      0%         N/A       100%        5
 Eringya's Noxious Bog    Tmut/Pois      0%         N/A       100%        6


Dungeon Overview and Level Annotations

Branches:
Dungeon (2/15)

Altars:

Annotations:
D:2 Sigmund


Innate Abilities, Weirdness & Mutations

You have a pair of horns on your head.
You reflexively headbutt those who attack you in melee.


Message History

Sigmund the Dreaded comes into view.
He is wielding a +1 scythe of venom.
Sigmund shouts!
Throw: 3 throwing nets
Press: ? - help, Q - select action, (/) - cycle Shift-Dir - straight line, f - Sigmund
Aim: Sigmund, wielding a +1 scythe of venom and wearing a +0 robe (57% to hit)
You throw a throwing net.
The throwing net closely misses Sigmund.
Sigmund points at you and mumbles some strange words.
You resist with some effort.
Sigmund casts a spell.
Sigmund flickers and vanishes!
Deactivating autopickup; reactivate with Ctrl-A.
You hit something. Something hits you!
You hit something. Something hits you!
* * * LOW HITPOINT WARNING * * *
You miss something. You headbutt something! You completely miss something.
Something barely misses you.
You hit something. Something hits you!
* * * LOW HITPOINT WARNING * * *
You miss something.
You hear some strange, mumbled words.
A magic dart appears from out of thin air!
The magic dart hits you.
* * * LOW HITPOINT WARNING * * *
You hit something but do no damage. Something hits you!
* * * LOW HITPOINT WARNING * * *
You are lethally poisoned!
It was a potion of berserk rage.
A red film seems to cover your vision as you go berserk!
You feel yourself moving faster!
You feel mighty!
* * * LOW HITPOINT WARNING * * *
You feel sick.
You miss something. Your headbutt misses something.
* * * LOW HITPOINT WARNING * * *
You feel sick.
You hear some strange, mumbled words.
A puff of flame appears from out of thin air!
The puff of flame misses you.
You miss something. Your headbutt misses something.
You die...

# #.### ##.....## ## #
#.# ##...## # #.# #+## #
#.# #.# # #.# ##.#######
# ###........# #
##.#.....##.# #
#.#######.#......##.# #
#(....{@.......#.##.#
#########.....##.##.####
#........)......
####.###.##.####
#........# ##########


There were no monsters in sight!

Vanquished Creatures
  5 adders (D:2)
  A dart slug (D:2)
  5 bats
  4 endoplasms
  A giant cockroach (D:1)
  2 hobgoblins (D:2)
  A quokka (D:1)
  4 ball pythons
  4 kobolds
  5 rats
32 creatures vanquished.

Notes
Turn   | Place    | Note
-------+----------+-------------------------------------------
     0 | D:1      | nightchill the Minotaur Gladiator began the quest for the
                  | Orb.
     0 | D:1      | Reached XP level 1. HP: 18/18 MP: 0/0
   200 | D:1      | Reached skill level 4 in Long Blades
   395 | D:1      | Reached XP level 2. HP: 23/25 MP: 1/1
  1045 | D:2      | Reached XP level 3. HP: 31/31 MP: 2/2
  1180 | D:2      | Reached skill level 5 in Long Blades
  1681 | D:2      | Reached XP level 4. HP: 37/39 MP: 3/3
  1721 | D:2      | Noticed Sigmund
  1734 | D:2      | HP: 1/58 [poisoned by Sigmund]
  1735 | D:2      | Succumbed to Sigmund's poison

Illustrated notes

Levels and vault maps discovered:
D:1:      dpeg_arrival_houses_and_road, layout_loops_corners, minmay_3d_cube
D:2:      layout_loops_corners, uniq_sigmund

Skill      XL: |  1  2  3 |
---------------+----------+-----
Long Blades    | 4 5 |  5.4
Fighting       | 3 |  3.6
Throwing       | |  2.0
Dodging        | |  3.2

Action                     |  1- 3 |  4- 6 || total
---------------------------+-------+-------++-------
  Melee: Long sword        |    53 |    13 ||    66
         Headbutt          |     8 |     1 ||     9
         Punch             |     1 |       ||     1
  Throw: Throwing net      |       |     1 ||     1
    Use: Potion            |       |     1 ||     1
   Stab: Sleeping          |     2 |       ||     2
 Armour: Leather armour    |    17 |     3 ||    20
  Dodge: Dodged            |    32 |     5 ||    37
